cohdb
Replays
Latest Replays
All Replays
Popular Replays
Top Player Replays
Match Explorer
How It Works
Community
CoH3 Stats
Reddit
Sign in to upload your games and track your stats! →
Sign in with Steam
Match 41785830
Unlisted
Match 41785830
Overview
Messages
Build Orders
End
Royal Engineer Section
Construct Section Command Post
Dingo Light Scout Car
Infantry Section
Infantry Section
Infantry Section
Construct Platoon Command Post
Humber Armored Car
Selects Heavy Armor Battlegroup
Selects Rigorous Vehicle Training
Humber Armored Car
Light Vehicle Training
Selects Light Vehicle Withdraw and Refit
Selects UNKNOWN (202330)
Royal Engineer Section
6-pounder Anti-tank Gun Team
Construct Company Command Post
Crusader AA Medium Tank
Vickers Machine Gun Team
Selects Recon Artillery
Recon Artillery
Unlock M3 Grant Medium Tanks
Selects Forward Repair Assembly
M3 Grant Medium Tank
Recon Artillery
M3 Grant Medium Tank
Royal Engineer Section
Infantry Section
M3 Grant Medium Tank
Recon Artillery
Armored Vehicle Training
Selects Churchill Black Prince Heavy Tank
M3 Grant Medium Tank
Recon Artillery
6-pounder Anti-tank Gun Team
6-pounder Anti-tank Gun Team
Vickers Machine Gun Team
Team Weapon Training
Recon Artillery
Infantry Section
Vickers Machine Gun Team
Recon Artillery
[82AD] PaulVmax
Smokey
r33dys
A Chunky Chaffinch
BigDickBaller
Zambarau
mp1otr
Operator
0
0
Comments
sign in to comment!
No comments posted yet!